 Dungeon Crawl Stone Soup version 0.27.1-1-g398f81649c (webtiles) character file.

Game seed: 13348301284647166535

1173 Metae the Covered (level 8, 0/74 HPs)
             Began as a Minotaur Fighter on Sept 10, 2021.
             Killed by divine providence
             ... invoked by an orc priest
              (15 damage)
             ... on level 6 of the Dungeon.
             The game lasted 00:09:39 (5222 turns).

Metae the Covered (Minotaur Fighter)                Turns: 5222, Time: 00:09:39

Health: 0/74       AC: 10    Str: 23    XL:     8   Next: 18%
Magic:  7/7        EV:  6    Int: 11    God:
Gold:   322        SH: 10    Dex: 10    Spells: 7/7 levels left

rFire    . . .     SeeInvis .   s - +1 mace (drain)
rCold    . . .     Faith    .   c - +0 kite shield
rNeg     . . .     Spirit   .   q - +0 chain mail
rPois    +         Reflect  .   (helmet restricted)
rElec    .         Harm     .   (no cloak)
rCorr    .         Rampage  .   (no gloves)
Will     .....                  (no boots)
Stlth    ..........             (no amulet)
HPRegen  0.22/turn              m - ring of poison resistance
MPRegen  0.10/turn              t - +6 ring of intelligence

@: no status effects
A: horns 2, retaliatory headbutt
a: no special abilities


You were on level 6 of the Dungeon.
You visited 1 branch of the dungeon, and saw 6 of its levels.

You collected 387 gold pieces.
You spent 65 gold pieces at shops.

Inventory:

Hand Weapons
 a - a +0 trident
 s - a +1 mace of draining (weapon)
Missiles
 f - 34 sling bullets
 g - 149 stones (quivered)
Armour
 b - a +0 scale mail
 c - a +0 kite shield (worn)
 q - a +0 chain mail (worn)
Jewellery
 m - a ring of poison resistance (left hand)
 t - a +6 ring of intelligence (right hand)
 y - a ring of poison resistance
Wands
 z - a wand of digging (6)
Scrolls
 n - 5 scrolls of identify {unknown}
 o - a scroll of amnesia {unknown}
 r - 2 scrolls of acquirement {unknown}
 u - 2 scrolls of teleportation {unknown}
 v - 2 scrolls of enchant weapon {unknown}
 x - a scroll of torment {unknown}
Potions
 d - a potion of might
 e - 3 potions of flight {unknown}
 h - 2 potions of resistance {unknown}
 i - a potion of lignification {unknown}
 j - a potion of mutation {unknown}
 l - a potion of degeneration {unknown}
 p - a potion of brilliance {unknown}
 w - a potion of ambrosia {unknown}


   Skills:
 * Level 7.6 Fighting
 + Level 3.6 Maces & Flails
 - Level 3.6 Polearms
 * Level 7.6 Armour
 + Level 5.9 Shields


You had 7 spell levels left.
You didn't know any spells.
Your spell library contained the following spells:

 Spells                   Type           Power      Damage    Failure   Level
 Tukima's Dance           Hex            0%         N/A       100%        3
 Leda's Liquefaction      Hex/Erth       0%         N/A       100%        4
 Passage of Golubria      Tloc           N/A        N/A       100%        4
 Bolt of Magma            Conj/Fire/Erth 0%         4d4       100%        5
 Yara's Violent Unravell  Hex/Tmut       0%         3d3       100%        5
 Statue Form              Tmut/Erth      0%         N/A       100%        6


Dungeon Overview and Level Annotations

Branches:
Dungeon (6/15)
 Temple: D:4-7

Altars:
The Shining One

Shops:
D:2 !

Annotations:
D:6 3 runed translucent doors, Crownlay's ghost, novice GnBe; DRAGONFLAY's ghost, novice MiFi; hickop's ghost, novice MiBe; zurenarrh's ghost, novice FoFi


Innate Abilities, Weirdness & Mutations

You have a pair of horns on your head.
You reflexively headbutt those who attack you in melee.


Message History

The ufetubus hits you but does no damage.
You block the ufetubus's attack. The ufetubus barely misses you.
The ufetubus hits you but does no damage.
You block the ufetubus's attack.
You sock the ufetubus!
You kill the ufetubus!
No target in view!
Found a glass wand.
An orc priest comes into view. It is wielding a +0 short sword.
The orc priest shouts!
An orc priest is nearby!
An orc priest comes into view. It is wielding a +0 club.
The orc priest calls down the wrath of Beogh upon you.
Beogh smites you!
An orc priest comes into view. It is wielding a +0 dagger.
The orc priest shouts!
The orc priest invokes the aid of Beogh against you.
Beogh smites you!
The orc priest hits you but does no damage.
You sock the orc priest! You drain the orc priest.
Your headbutt misses the orc priest.
The orc priest is almost dead.
The orc priest invokes the aid of Beogh against you.
Pain shoots through your body!
The orc priest mumbles some strange prayers to Beogh against you.
Beogh smites you!
The orc priest mumbles some strange prayers to Beogh against you.
Pain shoots through your body!
* * * LOW HITPOINT WARNING * * *
You feel much better.
The orc priest mumbles some strange prayers to Beogh against you.
Pain shoots through your body!
* * * LOW HITPOINT WARNING * * *
The orc priest looks encouraged for a moment.
The orc priest calls down the wrath of Beogh upon you.
Beogh smites you!
* * * LOW HITPOINT WARNING * * *
The orc priest invokes the aid of Beogh against you.
Beogh smites you!
You die...

#.....# #.....########### .
######..#.##.##.. ..
#[....#......#.. ...
#.....#......... ....
#.....#......... .....
#.....#..♣♣.♣♣..
......#############...♣.♣...
#....o.@........♣.....♣.
#..oo...........♣♣...♣♣.
#.................._....
+#.#.#.#.#†.....♣♣...♣♣.
................♣.....♣.
.##.......#........♣.♣... .
#................♣♣.♣♣..
##.......#..............
....>..................


You could see 3 orc priests.

Vanquished Creatures
  2 black bears (D:6)
  A sky beast (D:6)
  An ogre (D:6)
  A phantom (D:4)
  A kobold brigand (D:6)
  3 scorpions (D:6)
  3 hounds
  A jelly (D:6)
  A bullfrog skeleton (D:5)
  An orc priest (D:3)
  Terence (D:3)
  2 iguanas
  A hound zombie (D:5)
  7 gnolls
  5 adders
  3 ufetubi
  An adder skeleton (D:5)
  4 worms
  2 dart slugs
  7 orcs
  5 endoplasms
  2 giant cockroaches
  5 goblins
  4 hobgoblins
  4 quokkas
  6 ball pythons
  9 bats
  5 frilled lizards
  13 kobolds
  7 rats
108 creatures vanquished.

Vanquished Creatures (others)
  2 withered plants (D:6)
2 creatures vanquished.

Grand Total: 110 creatures vanquished

Notes
Turn   | Place    | Note
-------+----------+-------------------------------------------
     0 | D:1      | Metae the Minotaur Fighter began the quest for the Orb.
     0 | D:1      | Reached XP level 1. HP: 19/19 MP: 0/0
   240 | D:1      | Reached XP level 2. HP: 27/27 MP: 1/1
   857 | D:2      | Reached XP level 3. HP: 33/33 MP: 2/2
  1034 | D:2      | Reached XP level 4. HP: 41/41 MP: 3/3
  1268 | D:2      | Found Inenuon's Distillery.
  1279 | D:2      | Bought a potion of heal wounds for 65 gold pieces
  1999 | D:3      | Reached skill level 5 in Armour
  1999 | D:3      | Reached XP level 5. HP: 47/47 MP: 4/4
  2145 | D:3      | Reached skill level 5 in Fighting
  2483 | D:3      | Found a faded altar of an unknown god.
  2526 | D:3      | Noticed Terence
  2533 | D:3      | Killed Terence
  2735 | D:4      | Noticed a phantom
  2747 | D:4      | Killed a phantom
  2748 | D:4      | Reached skill level 1 in Maces & Flails
  2748 | D:4      | Reached XP level 6. HP: 45/56 MP: 5/5
  3552 | D:5      | Entered Level 5 of the Dungeon
  3631 | D:5      | Reached skill level 5 in Shields
  4403 | D:6      | Reached XP level 7. HP: 50/64 MP: 6/6
  4576 | D:6      | Found a runed translucent gate.
  4577 | D:6      | Found a runed translucent gate.
  4579 | D:6      | Found a runed translucent gate.
  4579 | D:6      | Noticed Crownlay's ghost (novice GnBe)
  4579 | D:6      | Noticed hickop's ghost (novice MiBe)
  4579 | D:6      | Noticed DRAGONFLAY's ghost (novice MiFi)
  4580 | D:6      | Noticed zurenarrh's ghost (novice FoFi)
  4982 | D:6      | Found a glowing golden altar of the Shining One.
  5011 | D:6      | Reached XP level 8. HP: 66/73 MP: 7/7
  5222 | D:6      | Killed from afar by an orc priest

Illustrated notes

Levels and vault maps discovered:
D:1:      lightli_arrival_isolated_outpost, layout_basic, st_stairs_3
D:2:      layout_loops_cross, serial_shops, nicolae_shop_waterfront,
          kennysheep_generic_room_13
D:3:      layout_rooms, hellmonk_ecumenical_altar_zigzags, uniq_terence
D:4:      layout_basic, minmay_misc_feat_roman
D:5:      layout_layer_cave
D:6:      layout_gridville, mainiacjoe_overflow_small_starburst,
          gammafunk_ghost_cemetery, st_stairs_4, uniq_eustachio

Skill      XL: |  1  2  3  4  5  6  7 |
---------------+----------------------+-----
Armour         | 4 5 6 7 |  7.6
Fighting       | 4 5 6 7 |  7.6
Polearms       | 3 |  3.6
Shields        | 4 5 |  5.9
Maces & Flails | 1 2 3 |  3.6

Action                   |  1- 3 |  4- 6 |  7- 9 || total
-------------------------+-------+-------+-------++-------
Melee: Trident           |    88 |    97 |       ||   185
       Headbutt          |     7 |    24 |     8 ||    39
       Mace              |       |    80 |    60 ||   140
Throw: Stone             |     1 |     1 |       ||     2
  Use: Potion            |       |       |     1 ||     1
Armor: Scale mail        |    32 |    20 |       ||    52
       Chain mail        |       |    60 |    39 ||    99
Dodge: Dodged            |    20 |    42 |    23 ||    85
Block: Kite shield       |    47 |    73 |    45 ||   165
